 Dungeon Crawl Stone Soup version 0.30.0 (webtiles) character file.

Game seed: 18241518312093327229

42 alexhoolio the Digger (level 3, 0/29 HPs)
             Began as a Ghoul Earth Elementalist on June 2, 2023.
             Hit by a stone thrown by a hobgoblin (3 damage)
             ... on level 2 of the Dungeon.
             The game lasted 00:08:15 (1064 turns).

alexhoolio the Digger (Ghoul Earth Elementalist)    Turns: 1064, Time: 00:08:15

Health: 0/29       AC:  2    Str: 11    XL:     3   Next: 56%
Magic:  0/5        EV: 12    Int: 12    God:
Gold:   55         SH:  0    Dex:  9    Spells: 5/6 levels left

rFire   . . .        d - +0 dagger
rCold   + . .        (no shield)
rNeg    + + +        a - +0 robe
rPois   ∞            (no helmet)
rElec   .            (no cloak)
rCorr   .            (no gloves)
SInv    .            (no boots)
Will    .....        g - amulet of regeneration
Stlth   ++           (no ring)
HPRegen 0.00/turn    (no ring)
MPRegen 0.09/turn

%: no passive effects
@: inhibited regen
A: claws 1, cold resistance 1, negative energy resistance 3, inhibited
regeneration, torment resistance 2, devour on kill
a: no special abilities


You were on level 2 of the Dungeon.
You visited 1 branch of the dungeon, and saw 2 of its levels.

You collected 55 gold pieces.

Inventory:

Hand Weapons
 d - a +0 dagger (weapon)
Missiles
 e - 4 boomerangs
Armour
 a - a +0 robe (worn)
Jewellery
 g - an amulet of regeneration (around neck)
Potions
 b - a potion of magic
 c - a potion of flight {unknown}
 f - a potion of heal wounds {unknown}
 h - a potion of cancellation {unknown}


   Skills:
 * Level 2.3 Fighting
 - Level 1.7 Dodging
 - Level 2.1 Stealth
 + Level 2.2 Spellcasting
 - Level 0.8 Transmutations
 + Level 3.7 Earth Magic


You had 5 spell levels left.
You knew the following spells:

 Your Spells              Type           Power      Damage    Failure   Level
a - Sandblast             Erth           20%        2d7       6%          1

Your spell library contained the following spells:

 Spells                   Type           Power      Damage    Failure   Level
 Passwall                 Tmut/Erth      5%         N/A       16%         2
 Summon Small Mammal      Summ           4%         N/A       26%         1
 Stone Arrow              Conj/Erth      10%        3d7       36%         3
 Blink                    Tloc           2%         N/A       38%         2
 Lesser Beckoning         Tloc           2%         N/A       38%         2
 Momentum Strike          Conj/Tloc      2%         3d8       38%         2
 Call Canine Familiar     Summ           1%         N/A       63%         3
 Summon Guardian Golem    Hex/Summ       1%         N/A       63%         3
 Petrify                  Tmut/Erth      6%         N/A       71%         4


Dungeon Overview and Level Annotations

Branches:
Dungeon (2/15)

Altars:


Innate Abilities, Weirdness & Mutations

You are immune to poison.
You have sharp fingernails.
Your flesh is cold resistant. (rC+)
You are immune to negative energy. (rN+++)
You do not regenerate when monsters are visible.
You are immune to unholy pain and torment.
You thrive by killing the living.


Message History

Casting: Sandblast (safe; 6% risk of failure)
Confirm with . or Enter, or press ? or * to list all spells.
Aiming: Sandblast (safe; 6% risk of failure)
Press: ? - help, Shift-Dir - straight line, f/p - adder
Aim: an adder (almost dead, 70% to hit)
The blast of sand misses the adder.
The adder misses you. The hobgoblin hits you. The goblin misses you.
The adder closely misses you. The goblin attacks as you move away!
The goblin hits you but does no damage. The rat bites you.
* * * LOW HITPOINT WARNING * * *
The adder bites you.
* * * LOW HITPOINT WARNING * * *
The rat attacks as you move away! The rat bites you but does no damage.
The goblin attacks as you move away! The goblin hits you but does no damage.
The rat attacks as you move away! The rat barely misses you.
Casting: Sandblast (safe; 6% risk of failure)
Confirm with . or Enter, or press ? or * to list all spells.
Aiming: Sandblast (safe; 6% risk of failure)
Press: ? - help, Shift-Dir - straight line, f - goblin
Aim: a goblin, wielding a +0 club and wearing a +2 robe of willpower (77% to hit)
The blast of sand misses the goblin.
The goblin hits you but does no damage. The goblin hits you with a +0 club.
* * * LOW HITPOINT WARNING * * *
You barely miss the goblin. The goblin barely misses you.
You hit the goblin but do no damage. The goblin hits you with a +0 club.
* * * LOW HITPOINT WARNING * * *
The rat twitches its whiskers.
The goblin attacks as you move away! The goblin hits you with a +0 club.
* * * LOW HITPOINT WARNING * * *
Casting: Sandblast (safe; 6% risk of failure)
Confirm with . or Enter, or press ? or * to list all spells.
Aiming: Sandblast (safe; 6% risk of failure)
Press: ? - help, Shift-Dir - straight line, f/p - goblin
Aim: a goblin, wielding a +0 club and wearing a +2 robe of willpower (77% to hit)
The blast of sand hits the goblin.
You kill the goblin!
You feel better.
The hobgoblin throws a stone.
The stone hits you.
* * * LOW HITPOINT WARNING * * *
The hobgoblin throws a stone.
The stone hits you.
You die...

..#################.....# .##
##....# ############### ####.#.#
##............####....#.#########
...###..................)........
##.##..............#g####.######.
#.###....###.####...# #.# #. #.#
##.#.# #.##.....# #.# ###g
##.####.#.# #†##@###.####.# ##.#r
..........###.##.# #......###..S.
†................# #..######.....
<#....#....<.....# #..# #..<...
.###.###..##.##.## #..# ##.....
.##.## ##........# #..# ##....
.### ...#.#...# #..# ##.## .#
.#.............. ....# .#
.###.#.#...#..... ##...#


You could see a hobgoblin.

Vanquished Creatures
  2 adders
  A bat (D:1)
  4 goblins
  2 hobgoblins (D:2)
  4 jackals (D:1)
  A kobold (D:2)
  A quokka (D:1)
  2 ball pythons (D:1)
  2 frilled lizards (D:1)
  4 rats
23 creatures vanquished.

Notes
Turn   | Place    | Note
-------+----------+-------------------------------------------
     0 | D:1      | alexhoolio the Ghoul Earth Elementalist began the quest for
                  | the Orb.
     0 | D:1      | Reached XP level 1. HP: 14/14 MP: 2/2
   203 | D:1      | Reached skill level 1 in Fighting
   236 | D:1      | Reached XP level 2. HP: 23/23 MP: 1/3
   645 | D:1      | Found a faded altar of an unknown god.
   781 | D:2      | Reached XP level 3. HP: 29/29 MP: 1/5
  1056 | D:2      | HP: 1/29 [goblin/+0 club (2)]
  1064 | D:2      | Hit by a stone thrown by a hobgoblin

Illustrated notes

Levels and vault maps discovered:
D:1:      heliophobic_arrival_ceremonial_halls, layout_rooms,
          shapermc_ecumenical_altar_totnotflames
D:2:      layout_loops_ring, basic_altar, serial_shops,
          nicolae_shop_tiny_real_fake_doors, shop,
          nicolae_shop_tiny_statue_garden, columned_hall_lemuel,
          hangedman_glass_teeth, minmay_pentomino_r4

Skill      XL: |  1  2  3 |
---------------+----------+-----
Fighting       | 1 2 |  2.3
Spellcasting   | 2 |  2.2
Dodging        | |  1.7
Stealth        | |  2.1
Transmutations | |  0.8
Earth Magic    | |  3.7

Action                     || total
---------------------------++-------
  Melee: Club              ||    11
         Dagger            ||     2
   Cast: Sandblast         ||    39
 Armour: Robe              ||     5
  Dodge: Dodged            ||    24
